Map: Blueshift LE

Players

Boomttsc

  • Race: Terran Terran
  • League: Diamond
  • Spawn Location: 1:00

FLORENCIO - Winner!

  • Race: Protoss Protoss
  • League: Master
  • Spawn Location: 7:00

VOD

Have the link to the VOD?

Description

Time

  • Played on: Dec. 2, 2018, 11:48 p.m.
  • Length: 16:07
Show
View Real Time Build Order
Export as new Build Order

Boomttsc Terran 

Build Orders:  

Get SALT Encoding   

  12  0:03  SCV  
  13  0:15  SCV  
  13  0:19  Supply Depot  
  14  0:27  SCV  
  15  0:41  SCV  
  16  0:44  Barracks  
  16  0:47  Refinery  
  17  0:57  SCV  
  17  0:58  Supply Depot  
  17  1:10  SCV  
  17  1:22  SCV  
  17  1:24  Barracks  
  19  1:32  Reaper  
  19  1:36  Orbital Command  
  19  1:46  Refinery  
  19  2:02  SCV  
  20  2:12  Barracks Tech Lab  
  20  2:13  Barracks Reactor  
  20  2:14  SCV  
  21  2:26  SCV  
  21  2:28  Factory  
  22  2:30  Supply Depot  
  22  2:37  Marine  
  24  2:46  SCV  
  24  2:48  Stimpack  
  24  2:49  Marine x2  
  26  2:57  Supply Depot  
  26  3:00  Marine, SCV  
  28  3:10  Marine x2  
  28  3:12  SCV  
  30  3:13  Factory Reactor  
  30  3:15  Starport  
  30  3:20  Marine  
  30  3:25  Supply Depot  
  31  3:32  Marine x2  
  33  3:38  Engineering Bay  
  33  3:42  Marine  
  33  3:43  SCV  
  35  3:55  Marine x2  
  37  3:59  Medivac x2  
  37  4:01  Widow Mine  
  43  4:08  Missile Turret  
  43  4:17  Marine x2  
  43  4:20  Marine  
  45  4:29  SCV  
  46  4:37  Marine x2, Medivac x2  
  52  4:38  Marine  
  52  4:43  SCV  
  54  4:55  Marine  
  54  4:58  Combat Shield  
  55  5:04  Supply Depot  
  55  5:23  Marine  
  55  5:25  Marine x2  
  53  5:43  Marine x2  
  53  5:48  Marine  
  55  5:50  Command Center  
  55  5:56  Terran Infantry Weapons Level 1  
  52  6:01  Factory Tech Lab, Marine x2  
  52  6:03  SCV, Viking  
  55  6:12  Marine  
  56  6:18  Marine  
  56  6:19  Marine  
  56  6:23  Cyclone  
  61  6:31  Marine  
  62  6:35  Barracks  
  62  6:37  SCV  
  63  6:53  Marine x2  
  64  6:57  Marine  
  65  7:10  Marine x2  
  65  7:15  Marine  
  65  7:16  Orbital Command  
  65  7:19  Factory  
  65  7:20  Factory Reactor  
  63  7:28  Marine x2  
  64  7:32  SCV  
  64  7:33  Marine  
  62  7:46  Marine x2  
  62  7:51  Marine  
  62  7:53  Medivac  
  62  7:55  Barracks Reactor  
  65  8:01  Widow Mine  
  65  8:02  Widow Mine  
  65  8:04  Marine x2  
  71  8:06  SCV x2  
  71  8:08  Factory Tech Lab  
  73  8:17  Marine, Medivac  
  76  8:22  Marine x2, Terran Infantry Armor Level 1  
  76  8:23  SCV  
  79  8:39  Marine x5  
  79  8:40  Widow Mine x2  
  83  8:56  Marine x2  
  83  8:57  Marine  
  86  9:09  Marine x2  
  86  9:13  Widow Mine  
  86  9:14  Marine x2  
  86  9:15  Widow Mine  
  69  9:24  Marauder  
  69  9:25  Viking x2  
  69  9:31  Starport  
  69  9:32  Marine  
  69  9:33  Marine x2  
  72  9:41  Armory  
  72  9:42  Widow Mine x2  
  78  9:46  Marauder, Armory  
  78  9:47  SCV  
  79  9:56  Marine x3  
  79  9:57  Viking  
  84  10:15  Refinery  
  84  10:16  Refinery  
  84  10:24  Marauder  
  84  10:25  Starport Reactor  
  84  10:28  Command Center  
  86  10:37  SCV  
  85  11:03  Viking  
  85  11:06  Marauder  
  85  11:11  Widow Mine  
  85  11:13  Widow Mine, Viking  
  85  11:24  Barracks  
  85  11:30  Marauder, Viking x2  
  90  11:41  Supply Depot x2  
  90  11:42  Supply Depot  
  90  11:51  Marauder  
  92  11:54  Viking x2  
  92  11:58  Marine x2  
  93  12:13  Marauder  
  73  12:17  Marine x2  
  73  12:20  Marine  
  59  12:34  Marine x2, Marauder  
  43  12:37  Marine  
  43  12:38  Marine  
  44  12:52  Orbital Command  
  44  12:56  Marauder  
  46  13:06  Marine x2  
  46  13:07  Marine  
  42  13:35  Marine x3, Marauder  
  42  13:39  Barracks Tech Lab  
  47  13:49  Marine  
  47  13:51  Widow Mine x3  
  36  14:05  Marine x3, Marauder  
  31  14:34  Marine x3  
  31  14:35  Marauder x2  
Show
View Real Time Build Order
Export as new Build Order

FLORENCIO Protoss - Winner!

Build Orders:  

Get SALT Encoding   

  12  0:00  Probe  
  13  0:13  Probe  
  14  0:19  Pylon  
  14  0:25  Probe  
  15  0:37  Probe  
  15  0:40  Gateway  
  16  0:46  Assimilator  
  16  0:53  Assimilator  
  16  0:54  Probe  
  17  1:06  Probe  
  18  1:16  Probe  
  18  1:24  Probe  
  19  1:29  Cybernetics Core  
  20  1:33  Probe  
  21  1:45  Probe  
  21  1:47  Pylon  
  22  1:57  Probe  
  22  2:00  Stalker  
  23  2:06  Stargate  
  25  2:11  Pylon  
  25  2:14  Probe  
  26  2:27  Stalker  
  28  3:00  Fleet Beacon  
  28  3:13  Nexus  
  28  3:15  Probe  
  29  3:20  Pylon  
  29  3:23  Probe  
  29  3:31  Probe  
  31  3:43  Tempest  
  36  3:59  Pylon, Probe  
  36  4:01  Assimilator  
  37  4:11  Probe  
  38  4:29  Tempest  
  43  4:31  Stalker  
  43  4:36  Pylon  
  45  4:39  Forge  
  45  4:51  Shield Battery  
  45  4:52  Probe  
  46  5:04  Probe  
  46  5:06  Stalker  
  49  5:07  Pylon  
  49  5:15  Robotics Facility  
  48  5:24  Shield Battery  
  43  5:51  Tempest  
  43  5:54  Pylon  
  43  5:55  Robotics Facility  
  48  6:03  Probe  
  49  6:08  Probe  
  49  6:15  Probe  
  49  6:16  Probe  
  51  6:25  Robotics Bay  
  52  6:26  Probe  
  52  6:27  Pylon  
  52  6:28  Probe  
  54  6:38  Probe  
  55  6:40  Probe  
  55  6:52  Probe  
  56  7:17  Photon Cannon  
  56  7:19  Photon Cannon  
  56  7:20  Photon Cannon  
  56  7:22  Pylon  
  56  7:33  Colossus  
  62  7:56  Assimilator  
  62  7:58  Pylon  
  62  7:59  Extended Thermal Lance  
  62  8:00  Gateway, Warp Gate  
  62  8:05  Twilight Council  
  62  8:07  Probe  
  62  8:08  Gateway  
  63  8:17  Colossus  
  63  8:19  Probe  
  65  8:48  Stalker  
  65  8:54  Templar Archives  
  67  8:59  Gateway  
  67  9:01  Gateway  
  64  9:26  Psionic Storm  
  64  9:30  Probe  
  65  9:42  Probe, Nexus  
  65  9:43  Gateway  
  65  9:44  Gateway  
  65  9:45  Pylon  
  66  9:47  Colossus  
  72  9:54  Probe  
  73  10:07  High Templar x4  
  81  10:18  Pylon  
  81  10:23  Pylon  
  80  10:40  Probe  
  81  10:44  High Templar  
  81  10:45  High Templar x2  
  87  10:53  Probe  
  88  11:00  Probe  
  82  11:12  Probe  
  82  11:17  Probe  
  83  11:19  Photon Cannon  
  83  11:22  Stalker x2  
  83  11:24  Photon Cannon, Probe  
  88  11:27  Stalker  
  88  11:29  Probe  
  91  11:39  Stalker x2  
  95  11:50  Pylon  
  95  11:52  Pylon  
  57  12:39  Archon x3  
  49  12:44  Stalker x4  
  49  12:45  Stalker x3  
  49  12:46  Probe  
  49  12:48  Assimilator  
  60  12:52  Assimilator  
  60  12:58  Probe  
  61  13:10  Probe  
  62  13:14  High Templar  
  64  13:22  Probe  
  64  13:23  High Templar  
  67  13:47  Stalker x4  
  67  13:48  Stalker x2  
  71  14:08  Colossus  
  75  14:28  Archon  
Tags
 
Add a new tag
Caveats
  • Supply blocks, unpowered buildings, or Contaminate may cause inaccurate times.
  • Supply counts are checked every 10 seconds.